 Dungeon Crawl Stone Soup version 0.27-a0-200-g8ba017916c (webtiles) character file.

Game seed: 15005284697503135350

1965 dolemite99 the Grappler (level 9, -5/79 HPs)
             Began as a Troll Transmuter on Jan 30, 2021.
             Was a Follower of Hepliaklqana.
             Slain by a komodo dragon (15 damage)
             ... on level 8 of the Dungeon.
             The game lasted 00:11:49 (7958 turns).

dolemite99 the Grappler (Troll Transmuter)          Turns: 7958, Time: 00:11:50

Health: -5/79      AC: 11    Str: 22    XL:     9   Next: 0%
Magic:  9/9        EV: 10    Int: 10    God:    Hepliaklqana [*.....]
Gold:   424        SH:  0    Dex: 10    Spells: 10/10 levels left

rFire    + . .     SeeInvis .     - Unarmed
rCold    . . .     Faith    .   (no shield)
rNeg     . . .     Spirit   .   a - +1 robe
rPois    .         Reflect  .   (helmet restricted)
rElec    .         Harm     .   (no cloak)
rCorr    .         Rampage  .   (gloves unavailable)
Will     .....                  (boots unavailable)
Stlth    +.........             (no amulet)
HPRegen  0.63/turn              z - ring of protection from fire
MPRegen  0.11/turn              b - +4 ring of protection

@: no status effects
A: large, unfitting armour, reduced essence, claws 3, regeneration 1, shaggy fur
1, tough skin 3
a: Renounce Religion, Recall Ancestor, Ancestor Identity


You were on level 8 of the Dungeon.
You worshipped Hepliaklqana.
Hepliaklqana was aware of your devotion.
You visited 2 branches of the dungeon, and saw 9 of its levels.

You collected 424 gold pieces.

Inventory:

Hand Weapons
 m - a +1 hunting sling
 p - a +2 whip of holy wrath
Missiles
 c - 171 stones
 d - 8 poisoned darts
 e - 8 boomerangs
 l - 174 arrows
 n - 70 sling bullets
 y - 3 throwing nets
 B - 4 curare-tipped darts
Armour
 a - a +1 robe (worn)
Jewellery
 b - a +4 ring of protection (right claw)
 g - an uncursed ring of poison resistance
 o - an uncursed ring of poison resistance
 q - an uncursed ring of fire
 z - a ring of protection from fire (left claw)
 A - an uncursed ring of magical power
 C - an uncursed ring of flight
 E - a +6 ring of intelligence {unknown}
Wands
 k - a wand of digging (5)
 t - a wand of flame (57)
Scrolls
 j - 2 scrolls of teleportation
 u - a scroll of remove curse {@r2}
 v - a scroll of random uselessness
 x - a scroll of enchant weapon
 D - a scroll of brand weapon {unknown}
Potions
 f - 2 potions of heal wounds
 h - 2 potions of brilliance
 i - a potion of resistance
 r - a potion of might
 s - a potion of invisibility
 w - a potion of curing


   Skills:
 - Level 5.5 Fighting
 - Level 1.5 Dodging
 + Level 10.1 Unarmed Combat
 - Level 1.2 Spellcasting
 - Level 1.3 Transmutations


You had 10 spell levels left.
You didn't know any spells.
Your spell library contained the following spells:

 Spells                   Type           Power        Failure   Level
 Beastly Appendage        Tmut           6%           19%         1
 Wereblood                Tmut           3%           28%         2
 Animate Skeleton         Necr           0%           34%         1
 Apportation              Tloc           0%           34%         1
 Corona                   Hex            0%           34%         1
 Summon Small Mammal      Summ           0%           34%         1
 Spider Form              Tmut/Pois      1%           58%         3
 Ice Form                 Ice/Tmut       2%           94%         4
 Blade Hands              Tmut           1%           99%         5


Dungeon Overview and Level Annotations

Branches:
Dungeon (8/15)             Temple (1/1) D:6            Lair (0/6) D:8

Altars:
Ashenzari
Cheibriados
Dithmenos
Elyvilon
Fedhas
Gozag
Hepliaklqana
Kikubaaqudgha
Makhleb
Nemelex Xobeh
Qazlal
Sif Muna
Trog
Uskayaw
Vehumet
Wu Jian
Xom
Yredelemnul
Zin
The Shining One

Shops:
D:7 (

Annotations:
D:4 Menkaure
D:5 1 runed translucent door, Snicker's ghost, weakling DsDe
D:6 exclusion: door


Innate Abilities, Weirdness & Mutations

You are too large for most types of armour.
You have claws for hands.
Your natural rate of healing is unusually fast.
You are covered in fur. (AC +1)
You have extremely tough skin. (AC +3)
Your life essence is reduced to manifest your ancestor. (-10% HP)


Message History

The komodo dragon bites you!!
You scratch the komodo dragon.
The komodo dragon is lightly wounded.
The komodo dragon bites you!
You claw the komodo dragon!
The komodo dragon is moderately wounded.
The komodo dragon barely misses you.
You closely miss the komodo dragon. You claw the komodo dragon.
The komodo dragon is heavily wounded.
The komodo dragon bites you!!
You closely miss the komodo dragon.
The komodo dragon is heavily wounded.
You scratch the komodo dragon.
The komodo dragon is severely wounded.
The komodo dragon bites you!!
* * * LOW HITPOINT WARNING * * *
You closely miss the komodo dragon.
The komodo dragon is severely wounded.
The komodo dragon bites you!
You die...

##.##
##...............# #.##
#................# ##.#
##.##..#.........##
##.##
##...######.......#
###..#
##PP...##.####....##
....## #PP.....#.##
###### ....#
#PPPP...#..# ....#
#PPPP....#.## ....#
#PPPPP.l@...# ....#
#PPP.P...†....# ..#.##
#PP...P..#...##
.###.####P.>.PPP.#....#
## #.##.#P..PP.P## ...#
# #.#..#PPPPPP.# .#..#
#....##PPPPP## #...
##....####### ..
#...........##


You could see a komodo dragon.

Vanquished Creatures
  An ice beast (D:5)
  2 sky beasts (D:7)
  3 ogres
  5 centaurs
  A big kobold (D:5)
  A bullfrog (D:7)
  2 scorpions (D:5)
  5 wights (D:7)
  A howler monkey (D:5)
  A bullfrog zombie (D:7)
  2 centaur skeletons
  3 orc priests
  A bullfrog skeleton (D:4)
  2 hounds
  A worker ant (D:7)
  Terence (D:2)
  A hound skeleton (D:4)
  3 gnolls (D:5)
  A worker ant zombie (D:5)
  6 adders
  An ufetubus (D:6)
  An ooze (D:3)
  2 adder zombies
  A worm (D:3)
  A dart slug (D:3)
  4 leopard geckos
  13 orcs
  A ball python (D:7)
  6 bats
  4 giant cockroaches
  2 goblins
  6 hobgoblins
  5 jackals (D:5)
  2 quokkas
  2 frilled lizards
  11 kobolds
  2 quokka skeletons
  4 rats
111 creatures vanquished.

Vanquished Creatures (collateral kills)
  An orc priest (D:6)
  3 orcs
  A quokka (D:6)
5 creatures vanquished.

Vanquished Creatures (others)
  5 ancestors
  4 orcs (D:4)
  A giant cockroach (D:4)
  2 plants (D:8)
12 creatures vanquished.

Grand Total: 128 creatures vanquished

Notes
Turn   | Place    | Note
-------+----------+-------------------------------------------
     0 | D:1      | dolemite99 the Troll Transmuter began the quest for the
                  | Orb.
     0 | D:1      | Reached XP level 1. HP: 18/18 MP: 1/1
   387 | D:1      | Reached XP level 2. HP: 26/26 MP: 2/2
  1016 | D:2      | Noticed Terence
  1019 | D:2      | Reached skill level 4 in Unarmed Combat
  1036 | D:2      | Killed Terence
  1037 | D:2      | Reached XP level 3. HP: 28/32 MP: 3/3
  1476 | D:2      | Reached skill level 5 in Unarmed Combat
  1476 | D:2      | Reached XP level 4. HP: 40/40 MP: 4/4
  1826 | D:3      | Noticed a centaur
  1838 | D:3      | Killed a centaur
  1839 | D:3      | Reached skill level 6 in Unarmed Combat
  1839 | D:3      | Reached XP level 5. HP: 17/46 MP: 5/5
  3007 | D:4      | Noticed an ogre
  3010 | D:4      | HP: 2/46 [ogre/+0 giant club (14)]
  3011 | D:4      | Killed an ogre
  3012 | D:4      | Reached skill level 7 in Unarmed Combat
  3012 | D:4      | Reached XP level 6. HP: 3/54 MP: 6/6
  3455 | D:4      | Noticed Menkaure
  3645 | D:5      | Entered Level 5 of the Dungeon
  3647 | D:5      | Found a radiant altar of Vehumet.
  3959 | D:5      | Found a runed translucent door.
  3960 | D:5      | Noticed Snicker's ghost (weakling DsDe)
  3966 | D:5      | Noticed an ice beast
  3976 | D:5      | Killed an ice beast
  3977 | D:5      | Reached XP level 7. HP: 51/67 MP: 5/7
  4740 | D:5      | Reached skill level 5 in Fighting
  5513 | D:5      | Reached XP level 8. HP: 74/81 MP: 8/8
  5613 | D:6      | Found a shimmering blue altar of Sif Muna.
  5696 | D:6      | Found a staircase to the Ecumenical Temple.
  5705 | Temple   | Entered the Ecumenical Temple
  5732 | Temple   | Became a worshipper of Hepliaklqana the Forgotten
  5777 | D:6      | Found a broken altar of Ashenzari.
  5783 | D:6      | Found Gixt's Armour Boutique.
  6281 | D:6      | Reached skill level 8 in Unarmed Combat
  6316 | D:6      | Found a sparkling altar of Nemelex Xobeh.
  6497 | D:6      | Found a blossoming altar of Fedhas.
  6498 | D:6      | Found an opulent altar of Gozag.
  6499 | D:6      | Found a stormy altar of Qazlal.
  7330 | D:7      | Found Wuplag's Antique Weapon Emporium.
  7356 | D:7      | Reached skill level 9 in Unarmed Combat
  7438 | D:7      | Reached * piety under Hepliaklqana
  7653 | D:7      | Found a white marble altar of Elyvilon.
  7687 | D:7      | Reached skill level 10 in Unarmed Combat
  7941 | D:8      | Found a staircase to the Lair.
  7942 | D:8      | Noticed a komodo dragon
  7948 | D:8      | Reached XP level 9. HP: 79/79 MP: 9/9
  7958 | D:8      | Slain by a komodo dragon

Illustrated notes

Levels and vault maps discovered:
D:1:      wheals_arrival_shading, layout_basic, minmay_pentomino_s2
D:2:      layout_loops_ring, uniq_terence
D:3:      layout_rooms, minmay_misc_feat_tiny
D:4:      layout_basic, lemuel_old_faithful, uniq_menkaure
D:5:      layout_layer_cave, ebering_ghost_reflecting_pool,
          vehumet_altar_wand_db
D:6:      layout_basic, overflow_temple_1_default, led_sif_book,
          grunt_temple_overflow_open, lemuel_round_altar,
          lemuel_temple_firewalk_a, serial_shops, shop
D:7:      layout_basic, lemuel_doored_altar, serial_shops,
          nicolae_shop_temple_entry_statues_fountains
D:8:      layout_cave_pods, david_lair_shrubbed
Temple:   cyrus_circular_temple

Skill      XL: |  1  2  3  4  5  6  7  8 |
---------------+-------------------------+-----
Unarmed Combat | 4 5 6 7 10 | 10.1
Fighting       | 3 5 |  5.5
Dodging        | |  1.5
Spellcasting   | |  1.2
Transmutations | |  1.3

Action                   |  1- 3 |  4- 6 |  7- 9 || total
-------------------------+-------+-------+-------++-------
Melee: Unarmed           |    89 |    95 |   184 ||   368
       Punch             |     2 |     3 |     5 ||    10
       Kick              |       |     6 |     8 ||    14
       Headbutt          |       |     4 |     3 ||     7
 Cast: Beastly Appendage |       |     6 |     4 ||    10
  Use: Scroll            |       |    10 |    12 ||    22
       Potion            |       |     2 |       ||     2
 Stab: Sleeping          |     1 |     1 |       ||     2
       Distracted        |       |       |     1 ||     1
Armor: Robe              |    42 |    40 |    90 ||   172
Dodge: Dodged            |    73 |    47 |   115 ||   235

Table legend: (Time is in decaauts)
 A = Elapsed time spent in this place.
 B = Non-inter-level travel time spent in this place.
 C = Inter-level travel time spent in this place.
 D = Time resting spent in this place.
 E = Time spent auto-exploring this place.
 F = Levels seen in this place.
 G = Mean time per level.
                   A        B        C        D        E       F      G
               +--------+--------+--------+--------+--------+-----+--------+
         Total |   7889 |   7700 |    189 |   2576 |   3680 |   9 |  876.6 |
       Dungeon |   7851 |   7672 |    179 |   2576 |   3680 |   8 |  981.4 |
        Temple |     38 |     28 |     10 |      0 |      0 |   1 |   38.0 |
               +--------+--------+--------+--------+--------+-----+--------+

Top non-repeatable levels by time:
     D:5: 1573 daAuts
     D:6: 1456 daAuts
     D:4: 1144 daAuts
     D:7: 1098 daAuts
     D:1: 959 daAuts
     D:2: 769 daAuts
     D:3: 735 daAuts
     D:8: 113 daAuts
  Temple: 38 daAuts
